 Dungeon Crawl Stone Soup version 0.28-a0-10-g964c8b829e (webtiles) character file.

Game seed: 6716031166249018686

51 MovingMist the Skirmisher (level 3, -4/24 HPs)
             Began as a Gargoyle Fighter on July 25, 2021.
             Slain by a centaur (7 damage)
             ... on level 3 of the Dungeon.
             The game lasted 00:02:15 (1996 turns).

MovingMist the Skirmisher (Gargoyle Fighter)        Turns: 1996, Time: 00:02:16

Health: -4/24      AC: 12    Str: 19    XL:     3   Next: 83%
Magic:  3/3        EV:  5    Int:  8    God:
Gold:   101        SH:  9    Dex: 10    Spells: 2/2 levels left

rFire   . . .      SeeInvis .   a - +0 flail
rCold   . . .      Faith    .   c - +0 kite shield
rNeg    + . .      Spirit   .   h - +0 chain mail
rPois   ∞          Reflect  .   (no helmet)
rElec   +          Harm     .   (no cloak)
rCorr   .          Rampage  .   (no gloves)
Will    .....                   (no boots)
Stlth   ..........              (no amulet)
HPRegen 0.08/turn               (no ring)
MPRegen 0.08/turn               (no ring)

@: no status effects
A: sickness immunity, AC +3, negative energy resistance 1, electricity
resistance, torment resistance 1, petrification resistance
a: no special abilities


You were on level 3 of the Dungeon.
You visited 1 branch of the dungeon, and saw 3 of its levels.

You collected 101 gold pieces.

Inventory:

Hand Weapons
 a - a +0 flail (weapon)
Armour
 c - a +0 kite shield (worn)
 h - a +0 chain mail (worn)
Scrolls
 b - 3 scrolls of teleportation {unknown}
 e - a scroll of noise {unknown}
 g - 3 scrolls of identify {unknown}
 i - a scroll of magic mapping {unknown}
Potions
 d - a potion of might


   Skills:
 + Level 3.7 Fighting
 + Level 2.5 Maces & Flails
 + Level 3.7 Armour
 * Level 1.5 Dodging
 - Level 3.2 Shields


You had 2 spell levels left.
You didn't know any spells.
Your spell library was empty.

Dungeon Overview and Level Annotations

Branches:
Dungeon (3/15)

Altars:

Shops:
D:2 !


Innate Abilities, Weirdness & Mutations

You are immune to sickness and miasma.
Your stone body is resilient. (AC +3)
You are immune to poison.
You resist negative energy. (rN+)
You are resistant to electric shocks. (rElec)
You are resistant to unholy torment.
You are immune to petrification.


Message History

The centaur barely misses you. You block the centaur's attack.
The centaur hits you with a +0 short sword!
The centaur kicks you but does no damage.
You hit the centaur.
The centaur is severely wounded.
The centaur hits you with a +0 short sword.
* * * LOW HITPOINT WARNING * * *
The centaur kicks you.
* * * LOW HITPOINT WARNING * * *
You block the centaur's attack. The centaur barely misses you.
You hit the centaur but do no damage.
The centaur is severely wounded.
The centaur hits you but does no damage.
The centaur kicks you but does no damage.
You block the centaur's attack.
The centaur kicks you but does no damage.
The centaur barely misses you. You block the centaur's attack.
You barely miss the centaur.
The centaur is severely wounded.
You block the centaur's attack. The centaur barely misses you.
The centaur hits you with a +0 short sword.
* * * LOW HITPOINT WARNING * * *
The centaur kicks you but does no damage.
Unknown command.
It was a potion of curing.
You feel better. The centaur barely misses you. The centaur kicks you.
* * * LOW HITPOINT WARNING * * *
You hit the centaur but do no damage.
The centaur is severely wounded.
You block the centaur's attack. The centaur kicks you.
* * * LOW HITPOINT WARNING * * *
The centaur hits you with a +0 short sword.
* * * LOW HITPOINT WARNING * * *
The centaur kicks you but does no damage.
You block the centaur's attack.
The centaur kicks you but does no damage.
You hit the centaur.
The centaur is almost dead.
The centaur hits you with a +0 short sword!
You die...

# ..... . ........##.
#..# .
........##..##..####
.......##.......†..
#..........##..###.
#..............# #.
####.....#....#..## #.
#................# #.
#c@...........####.
#.....#..........#.
#.....#...>........ .
#.###.#............ ..
#..................
...#####............#.
#.......###...#####.#.
#^_...................
#.......####.######'#+


You could see a centaur.

Vanquished Creatures
  An adder (D:3)
  4 dart slugs
  2 ball pythons
  4 bats (D:1)
  An endoplasm (D:1)
  2 giant cockroaches
  5 goblins
  3 hobgoblins
  2 quokkas (D:1)
  4 frilled lizards
  4 kobolds
  A rat (D:1)
33 creatures vanquished.

Notes
Turn   | Place    | Note
-------+----------+-------------------------------------------
     0 | D:1      | MovingMist the Gargoyle Fighter began the quest for the
                  | Orb.
     0 | D:1      | Reached XP level 1. HP: 14/14 MP: 1/1
   523 | D:1      | Reached XP level 2. HP: 19/19 MP: 2/2
   631 | D:1      | Reached skill level 1 in Dodging
   907 | D:1      | Reached XP level 3. HP: 19/23 MP: 3/3
  1565 | D:2      | Found Oruci's Distillery.
  1972 | D:3      | Found a faded altar of an unknown god.
  1981 | D:3      | Noticed a centaur
  1993 | D:3      | HP: 1/24 [centaur (4)]
  1996 | D:3      | Slain by a centaur

Illustrated notes

Levels and vault maps discovered:
D:1:      minmay_arrival_arboretum_small, layout_basic, grunt_decor_junction
D:2:      layout_basic, serial_shops, nicolae_diamond_shop
D:3:      layout_basic, hellmonk_ecumenical_altar_crossroads, uniq_natasha

Skill      XL: |  1  2 |
---------------+-------+-----
Dodging        | 1 |  1.5
Fighting       | |  3.7
Maces & Flails | |  2.5
Armour         | |  3.7
Shields        | |  3.2

Action                   || total
-------------------------++-------
Melee: Flail             ||   121
  Use: Potion            ||     1
Armor: Scale mail        ||    25
       Chain mail        ||    80
Dodge: Dodged            ||    25
Block: Kite shield       ||    64

Table legend: (Time is in decaauts)
 A = Elapsed time spent in this place.
 B = Non-inter-level travel time spent in this place.
 C = Inter-level travel time spent in this place.
 D = Time resting spent in this place.
 E = Time spent auto-exploring this place.
 F = Levels seen in this place.
 G = Mean time per level.
                   A        B        C        D        E       F      G
               +--------+--------+--------+--------+--------+-----+--------+
         Total |   2058 |   1972 |     86 |    271 |   1389 |   3 |  686.0 |
       Dungeon |   2058 |   1972 |     86 |    271 |   1389 |   3 |  686.0 |
               +--------+--------+--------+--------+--------+-----+--------+

Top non-repeatable levels by time:
     D:1: 1092 daAuts
     D:2: 782 daAuts
     D:3: 183 daAuts
